 Dungeon Crawl Stone Soup version 0.32-a0-290-g598725c5f2 (webtiles) character file.

Game seed: 16745795520447643930

44865 Persephone the Severer (level 13, -3/122 HPs)
             Began as a Mountain Dwarf Berserker on Feb 13, 2024.
             Was an Elder of Trog.
             Incinerated by a deep elf pyromancer (17 damage)
             ... with a pyre arrow
             ... on level 1 of the Orcish Mines.
             The game lasted 00:28:09 (19133 turns).

Persephone the Severer (Mountain Dwarf Berserker)  Turns: 19133, Time: 00:28:09

Health: -3/122     AC: 27    Str: 30    XL:     13   Next: 98%
Magic:  13/13      EV:  6    Int:  3    God:    Trog [****..]
Gold:   500        SH: 11    Dex:  9    Spells: 12/12 levels left

rFire   . . .        p - +1 war axe (elec)
rCold   + . .        F - +0 kite shield
rNeg    . . .        M - +0 crystal plate armour of Broken Taboos {+Blink Fly Str+5 Int-5}
rPois   .            o - +2 hat
rElec   .            C - -2 cloak of the Rhinotaur {rCorr}
rCorr   +            u - +0 pair of gloves
SInv    .            c - +0 pair of boots {Stlth+}
Will    +....        (no amulet) Stlth
                     j - ring of protection from cold
HPRegen 0.40/turn    (no ring)
MPRegen 0.13/turn

%: no passive effects
@: on fire, flying, glowing
A: runic magic, artefact enchanting
a: Renounce Religion, Evoke Blink, Berserk, Trog's Hand, Brothers in Arms


You were on level 1 of the Orcish Mines.
You worshipped Trog.
Trog was greatly pleased with you.
You visited 3 branches of the dungeon, and saw 18 of its levels.

You collected 1876 gold pieces.
You spent 1376 gold pieces at shops.

Inventory:

Hand Weapons
 p - a +1 war axe of electrocution (weapon)
Missiles
 n - a throwing net
Armour
 c - a +0 pair of boots of stealth (worn)
 i - a +1 pair of boots
 o - a +2 hat (worn)
 u - a +0 pair of gloves (worn)
 C - the -2 cloak of the Rhinotaur (worn) {rCorr}
   (You found it on level 9 of the Dungeon)

   rCorr:     It protects you from acid and corrosion.
 F - a +0 kite shield (worn)
 M - the +0 crystal plate armour of Broken Taboos (worn) {+Blink Fly Str+5 Int-5}
   (You acquired it on level 4 of the Dungeon)

   Str+5:     It affects your strength (+5).
   Int-5:     It affects your intelligence (-5).
   Fly:       It grants you flight.
   +Blink:    It lets you blink.
Jewellery
 j - a ring of protection from cold (left hand)
Wands
 t - a wand of acid (35)
 y - a wand of iceblast (13)
 B - a wand of flame (3)
 N - a wand of digging (6)
Scrolls
 a - a scroll of summoning
 e - 5 scrolls of noise
 k - a scroll of immolation
 l - a scroll of fear
 q - a scroll of vulnerability
 D - a scroll of enchant weapon
 E - 3 scrolls of fog
 G - 2 scrolls of silence
 H - a scroll of brand weapon
 J - 2 scrolls of enchant armour
 L - 2 scrolls of teleportation
 O - a scroll of revelation
 P - 2 scrolls of poison
Potions
 b - 3 potions of magic
 d - a potion of resistance
 f - 2 potions of mutation
 g - 4 potions of lignification
 h - 2 potions of invisibility {unknown}
 m - 4 potions of might {unknown}
 r - 7 potions of curing
 s - 6 potions of attraction
 v - a potion of cancellation {unknown}
 w - 2 potions of degeneration {unknown}
 x - 4 potions of heal wounds {unknown}
 z - 2 potions of haste {unknown}
 I - 2 potions of enlightenment {unknown}
 Q - a potion of ambrosia {unknown}
 R - a potion of berserk rage {unknown}
Miscellaneous
 K - a phial of floods


   Skills:
 + Level 13.5 Fighting
 - Level 16.0 Axes
 + Level 13.5 Armour
 - Level 1.3 Dodging
 + Level 11.8 Shields
 + Level 5.7 Evocations


You had 12 spell levels left.
You didn't know any spells.
Your spell library was empty.

Dungeon Overview and Level Annotations

Branches:
Dungeon (11/15)            Temple (0/1) D:4            Lair (5/5) D:8
 Shoals (0/4) Lair:3        Snake (0/4) Lair:2        Slime (0/5) Lair:5
    Orc (2/2) D:9
    Elf: Orc:2

Altars:
Ashenzari
Cheibriados
Dithmenos
Gozag
Kikubaaqudgha
Trog
Vehumet
Wu Jian
Xom
The Shining One
Jiyva

Shops:
D:4 ?   D:10 [??   D:11 *[*   Orc:1 (

Annotations:
D:9 1 transporter


Innate Abilities, Weirdness & Mutations

Your spellcasting is much less encumbered by armour.
You can use scrolls of enchantment on lesser artefacts.


Message History

The deep elf pyromancer is severely wounded.
You closely miss the fire elemental.
You hit the deep elf pyromancer but do no damage.
You slice the deep elf pyromancer!! You slash the orc warrior!
The liquid fire burns you!
* * * LOW HITPOINT WARNING * * *
You barely miss the deep elf pyromancer.
The deep elf pyromancer is severely wounded.
You slash the deep elf pyromancer!
You kill the deep elf pyromancer!
Trog accepts your kill.
Trog appreciates your killing of a magic user.
You barely miss the orc warrior. You slash the fire elemental!
You closely miss the deep elf pyromancer.
The liquid fire burns you!
* * * LOW HITPOINT WARNING * * *
You block the fire elemental's attack.
You block the deep elf pyromancer's attack.
The orc warrior hits you but does no damage.
The deep elf pyromancer gestures wildly while chanting.
The deep elf pyromancer blinks!
You slash the deep elf pyromancer!
Lightning courses through the deep elf pyromancer!
You kill the deep elf pyromancer!
Trog accepts your kill.
Trog appreciates your killing of a magic user.
The fire elemental disappears in a puff of smoke!
You hit the orc warrior. The liquid fire burns you!
* * * LOW HITPOINT WARNING * * *
The orc warrior hits you but does no damage.
You barely miss the orc warrior.
The orc warrior is almost dead.
The liquid fire burns you!
* * * LOW HITPOINT WARNING * * *
The deep elf pyromancer mumbles some strange words.
The deep elf pyromancer blinks!
The orc warrior barely misses you.
You feel better. The liquid fire burns you!
You die...

### ####### ### ##.###.....##
###.## ######
##...........####....#
##.#.####.#.........###.....##
....)..#.............#.......##
...#....#.....................#
.#####......e..$.§.....#+#....##
## ##........o@$.[)[⌠#+#⌠....##
#............).###'###....#
##.......#..<..'''∩'''.#.##
####......§...###'###....#
#...#........⌠#+#⌠..#.##
##.#..........#+#......#
####.....#...........##
##......#.###.....##
##.#....#### ##.#.##


You could see a deep elf pyromancer and an orc warrior.

Vanquished Creatures
  A hydra (Lair:5)
  Erica (D:9)
  2 catoblepae
  A deep troll shaman (Lair:5)
  2 two-headed ogres (D:10)
  9 death yaks
  A boulder beetle (Lair:1)
  Urug (Lair:1)
  A skyshark (Lair:3)
  A lindwurm (Lair:5)
  An ugly thing (D:10)
  2 deep elf pyromancers (Orc:1)
  An orc knight (Orc:1)
  2 deep elf zephyrmancers (Orc:2)
  A manticore (Lair:3)
  2 black mambas (Lair:5)
  7 elephants
  Maggie (D:6)
  9 cane toads
  3 rime drakes
  An unseen horror (D:10)
  8 komodo dragons
  2 trolls
  Grinder (D:6)
  4 polar bears
  A wind drake (Lair:3)
  5 dream sheep (Lair:1)
  2 vampires
  2 shadows
  2 wraiths (D:10)
  A wyvern (Lair:3)
  49 yaks
  2 basilisks
  A warg (Orc:2)
  A steam dragon (D:6)
  A naga (Lair:2)
  3 vampire mosquitoes (D:11)
  Edmund (D:6)
  20 water moccasins
  8 ice beasts
  12 orc warriors
  A sky beast (D:6)
  4 black bears
  2 laughing skulls (D:11)
  6 ogres
  14 wolves
  A centaur (D:8)
  A phantom (D:4)
  A kobold brigand (D:10)
  A gnoll sergeant (D:10)
  3 scorpions
  12 bullfrogs
  3 wights (D:9)
  10 killer bees
  4 howler monkeys
  8 electric eels
  2 bombardier beetles (D:6)
  6 hounds
  7 jellies
  A gnoll bouda (D:6)
  9 orc priests
  2 sleepcaps (D:5)
  An iguana (D:4)
  13 orc wizards
  3 gnolls (D:6)
  5 adders
  2 shadow imps
  2 ufetubi (D:6)
  3 dart slugs
  47 orcs
  9 bats
  7 endoplasms
  2 giant cockroaches (D:3)
  5 goblins
  8 hobgoblins
  5 jackals (D:1)
  5 quokkas
  8 ball pythons
  5 frilled lizards
  9 kobolds
  11 rats
424 creatures vanquished.

Vanquished Creatures (others)
  4 orcs
4 creatures vanquished.

Grand Total: 428 creatures vanquished

Notes
Turn   | Place    | Note
-------+----------+-------------------------------------------
     0 | D:1      | Persephone the Mountain Dwarf Berserker began the quest for
                  | the Orb.
     0 | D:1      | Reached XP level 1. HP: 19/19 MP: 1/1
    78 | D:1      | Reached skill level 4 in Axes
   129 | D:1      | Reached XP level 2. HP: 25/26 MP: 2/2
   329 | D:1      | Reached skill level 5 in Axes
   389 | D:1      | Reached XP level 3. HP: 31/31 MP: 3/3
   398 | D:1      | Reached ** piety under Trog
   709 | D:1      | Reached XP level 4. HP: 38/38 MP: 4/4
   802 | D:1      | Reached skill level 6 in Axes
  1813 | D:3      | Reached XP level 5. HP: 44/45 MP: 5/5
  1864 | D:3      | Reached skill level 7 in Axes
  2013 | D:3      | Reached *** piety under Trog
  2430 | D:3      | Found an opulent altar of Gozag.
  2798 | D:4      | Found an ancient bone altar of Kikubaaqudgha.
  2853 | D:4      | Reached skill level 8 in Axes
  2967 | D:4      | Found Uxkeeb's Magic Scroll Boutique.
  2968 | D:4      | Noticed a phantom
  2994 | D:4      | Killed a phantom
  2995 | D:4      | Reached XP level 6. HP: 24/51 MP: 6/6
  3278 | D:4      | Found a staircase to the Ecumenical Temple.
  3318 | D:5      | Entered Level 5 of the Dungeon
  3419 | D:5      | Reached skill level 9 in Axes
  3460 | D:5      | Found a shimmering altar of Xom.
  3505 | D:5      | Reached XP level 7. HP: 50/57 MP: 7/7
  3616 | D:5      | Reached skill level 10 in Axes
  3638 | D:5      | Reached skill level 11 in Axes
  3831 | D:5      | Found a shadowy altar of Dithmenos.
  4067 | D:6      | Reached XP level 8. HP: 21/63 MP: 8/8
  4240 | D:6      | Noticed Maggie
  4264 | D:6      | Killed Maggie
  4265 | D:6      | Reached skill level 12 in Axes
  4314 | D:6      | Noticed Grinder
  4331 | D:6      | Reached skill level 13 in Axes
  4336 | D:6      | Paralysed by Grinder for 2 turns
  4350 | D:6      | Paralysed by Grinder for 2 turns
  4354 | D:6      | HP: 2/63 [Grinder (5)]
  4355 | D:6      | Killed Grinder
  4520 | D:6      | Noticed Edmund
  4549 | D:6      | Killed Edmund
  4550 | D:6      | Reached skill level 14 in Axes
  4878 | D:6      | Reached XP level 9. HP: 56/70 MP: 9/9
  5650 | D:7      | Found a glowing golden altar of the Shining One.
  5650 | D:7      | Found a faded altar of an unknown god.
  5659 | D:7      | Found a snail-covered altar of Cheibriados.
  5662 | D:7      | Found an ornate altar of the Wu Jian Council.
  5665 | D:7      | Found a faded altar of an unknown god.
  5755 | D:8      | Noticed a rime drake
  5772 | D:8      | Reached skill level 15 in Axes
  5773 | D:8      | Killed a rime drake
  5862 | D:8      | Reached skill level 16 in Axes
  6171 | D:8      | Found a staircase to the Lair.
  6531 | D:8      | Reached skill level 5 in Fighting
  6681 | D:9      | Noticed Erica
  6695 | D:9      | Killed Erica
  6696 | D:9      | Reached skill level 5 in Armour
  6696 | D:9      | Reached XP level 10. HP: 34/83 MP: 10/10
  7028 | D:9      | Found a bloodstained altar of Trog.
  7053 | D:9      | Found a broken altar of Ashenzari.
  7171 | D:9      | Found a staircase to the Orcish Mines.
  7478 | D:9      | Found a radiant altar of Vehumet.
  7692 | D:9      | Identified the -2 cloak of the Rhinotaur {rCorr}
  7766 | D:9      | Found a transporter.
  7940 | D:10     | Entered Level 10 of the Dungeon
  8258 | D:10     | Found Romamaxt's Magic Scroll Emporium.
  8269 | D:10     | Bought a scroll of identify for 28 gold pieces
  8269 | D:10     | Bought a scroll of identify for 28 gold pieces
  8286 | D:10     | Reached **** piety under Trog
  8785 | D:10     | Found Ziradiad's Magic Scroll Emporium.
  8866 | D:10     | Noticed a two-headed ogre
  8875 | D:10     | Killed a two-headed ogre
  8876 | D:10     | Reached XP level 11. HP: 82/97 MP: 11/11
  9098 | D:10     | Found Ylubravo's Antique Armour Shop.
  9353 | D:10     | Reached skill level 1 in Shields
  9426 | D:10     | Noticed a white ugly thing
  9426 | D:10     | Noticed a two-headed ogre
  9434 | D:10     | Killed a white ugly thing
  9439 | D:10     | Killed a two-headed ogre
 10443 | D:11     | Found Cepso's Assorted Antiques.
 10470 | D:11     | Found Juzedulyrph's Assorted Antiques.
 10927 | D:11     | Reached skill level 10 in Fighting
 11203 | D:11     | Found Salep's Antique Armour Shop.
 11241 | D:11     | Reached skill level 10 in Armour
 11552 | Lair:1   | Entered Level 1 of the Lair of Beasts
 11612 | Lair:1   | Noticed a boulder beetle
 11633 | Lair:1   | Killed a boulder beetle
 11634 | Lair:1   | Reached skill level 5 in Shields
 11929 | Lair:1   | Reached XP level 12. HP: 71/108 MP: 12/12
 12046 | Lair:1   | Noticed Urug
 12061 | Lair:1   | Killed Urug
 12413 | Lair:1   | Noticed a catoblepas
 12424 | Lair:1   | Killed a catoblepas
 13191 | Lair:2   | Noticed a death yak
 13192 | Lair:2   | Noticed a death yak
 13195 | Lair:2   | Noticed a death yak
 13196 | Lair:2   | Noticed a death yak
 13205 | Lair:2   | Killed a death yak
 13264 | Lair:2   | Killed a death yak
 13268 | Lair:2   | Killed a death yak
 13271 | Lair:2   | Killed a death yak
 13915 | Lair:2   | Identified the +6 buckler of Xeicw {Will- Str+3}
 14072 | Lair:2   | Found a staircase to the Snake Pit.
 14328 | Lair:2   | Reached skill level 10 in Shields
 14739 | D:4      | Bought a scroll of acquirement for 572 gold pieces
 14739 | D:4      | Acquired 965 gold pieces
 14741 | D:4      | Acquired the +0 crystal plate armour of Broken Taboos
                  | {+Blink Fly Str+5 Int-5}
 14992 | D:11     | Bought a pair of embroidered boots for 180 gold pieces
 14992 | D:11     | Bought a runed hat for 168 gold pieces
 15045 | D:11     | Bought a pair of embroidered boots for 255 gold pieces
 15060 | D:11     | Bought a tubular jade ring for 145 gold pieces
 15553 | Lair:3   | Found a staircase to the Shoals.
 15566 | Lair:3   | Reached XP level 13. HP: 104/118 MP: 13/13
 16673 | Lair:4   | Reached skill level 1 in Evocations
 17014 | Lair:5   | Entered Level 5 of the Lair of Beasts
 17526 | Lair:5   | Found a staircase to the Slime Pits.
 17529 | Lair:5   | Found a viscous altar of Jiyva.
 18500 | Lair:5   | Reached skill level 5 in Evocations
 18541 | Lair:5   | Identified the +0 scale mail of For Ylae {rC+}
 18779 | Orc:1    | Entered Level 1 of the Orcish Mines
 18841 | Orc:1    | Reached ***** piety under Trog
 19060 | Orc:1    | Found Sokomaud's Weapon Shop.
 19091 | Orc:2    | Entered Level 2 of the Orcish Mines
 19133 | Orc:1    | Incinerated by a deep elf pyromancer

Illustrated notes

Levels and vault maps discovered:
D:1:      dpeg_arrival_brainrot, layout_loops_ring, minmay_misc_feat_iff,
          hangedman_feature_mirror
D:2:      layout_basic
D:3:      layout_basic, mainiacjoe_overflow_alcove_4, roderic_st_hans_cross,
          minmay_fountain_box, minmay_misc_feat_cross, nrook_campfire
D:4:      layout_rooms, mainiacjoe_overflow_small_starburst,
          minmay_temple_entry_gardened_gates, serial_shops,
          nicolae_shop_statue_plus
D:5:      layout_basic, grunt_dithmenos_shadows, lemuel_doored_altar,
          kennysheep_another_room
D:6:      layout_cave_pools, minmay_misc_feat_secret_circle, uniq_edmund,
          uniq_maggie, uniq_grinder
D:7:      layout_loops_cross, chequers_temple_overflow_minitemple
D:8:      layout_gridville, hellmonk_lair_entry_icy
D:9:      layout_roguey, nicolae_overflow_crystal_walls,
          mainiacjoe_overflow_two_lobes, orc_0_dummy, nicolae_diode_basic,
          uniq_erica
D:10:     minmay_thinvault, layout_basic, serial_shops, shop,
          nicolae_shop_peninsula, nicolae_shop_hallway_stairs
D:11:     layout_loops_ring, serial_shops, nicolae_shop_just_a_little_nook,
          kennysheep_mini, nicolae_shop_temple_entry_statues_fountains
Lair:1:   layout_gridlike, guppyfry_lair_drakes, uniq_urug
Lair:2:   layout_cave_pods, guppyfry_snake_entry_island, serial_bayou_lagoon_a
Lair:3:   layout_roguey, minmay_shoals_entry_beasts, dreamdust_mushroom_princess
Lair:4:   layout_cave_pods
Lair:5:   grunt_lair_end_beastmaster, layout_cave_pods,
          nicolae_slime_entry_slimehenge, infiniplex_staircase_pool,
          lemuel_fruit_fields
Orc:1:    layout_caves, serial_shops, shop, shop, shop, shop_statue,
          nicolae_shop_real_fake_doors, uniq_sonja, uniq_maurice
Orc:2:    st_orc_mages, layout_caves, serial_shops, shop, elves_outpost_lemuel

Skill      XL: |  1  2  3  4  5  6  7  8  9 10 11 12 13 |
---------------+----------------------------------------+-----
Axes           | 4 5 6 8 9 11 14 16 | 16.0
Fighting       | 5 9 10 12 13 | 13.5
Armour         | 5 8 10 12 13 | 13.5
Shields        | 5 10 11 | 11.8
Evocations     | 5 |  5.7
Dodging        | |  1.3

Action                     |  1- 3 |  4- 6 |  7- 9 | 10-12 | 13-15 || total
---------------------------+-------+-------+-------+-------+-------++-------
  Melee: Hand axe          |   104 |    68 |       |       |       ||   172
         War axe           |       |   130 |   247 |   606 |   327 ||  1310
 Invoke: Berserk           |       |     1 |     8 |    11 |     2 ||    22
         Trog's Hand       |       |       |     4 |    20 |     5 ||    29
    Use: Scroll            |       |     4 |    10 |     9 |     2 ||    25
         Potion            |       |       |       |     1 |     1 ||     2
   Stab: Petrified         |       |       |       |       |     2 ||     2
 Armour: Plate armour      |    85 |   175 |   250 |   522 |       ||  1032
         Animal skin       |     2 |       |       |       |       ||     2
         Skin              |       |       |       |     3 |       ||     3
         Crystal plate arm |       |       |       |    47 |   277 ||   324
  Dodge: Dodged            |    43 |    55 |    61 |   147 |    56 ||   362
  Block: Kite shield       |       |       |       |   137 |   162 ||   299

Table legend: (Time is in decaauts)
 A = Elapsed time spent in this place.
 B = Non-inter-level travel time spent in this place.
 C = Inter-level travel time spent in this place.
 D = Time resting spent in this place.
 E = Time spent auto-exploring this place.
 F = Levels seen in this place.
 G = Mean time per level.
                   A        B        C        D        E       F      G
               +--------+--------+--------+--------+--------+-----+--------+
         Total |  19155 |  18049 |   1106 |      0 |  15008 |  18 | 1064.2 |
       Dungeon |  12255 |  11418 |    837 |      0 |   9367 |  11 | 1114.1 |
          Lair |   6562 |   6305 |    257 |      0 |   5394 |   5 | 1312.4 |
  Orcish Mines |    337 |    326 |     11 |      0 |    246 |   2 |  168.5 |
               +--------+--------+--------+--------+--------+-----+--------+

Top non-repeatable levels by time:
    D:10: 2285 daAuts
  Lair:1: 1763 daAuts
  Lair:5: 1640 daAuts
     D:9: 1423 daAuts
    D:11: 1365 daAuts
  Lair:2: 1274 daAuts
     D:8: 1135 daAuts
     D:6: 1097 daAuts
  Lair:4: 1017 daAuts
     D:1: 919 daAuts
     D:4: 889 daAuts
     D:2: 884 daAuts
  Lair:3: 866 daAuts
     D:3: 855 daAuts
     D:7: 769 daAuts
